 Dungeon Crawl Stone Soup version 0.29-a0-732-g3d7fbe0af2 (webtiles) character file.

Game seed: 211808064462582019

506 dolemite99 the Poker (level 6, -15/47 HPs)
             Began as a Demonspawn Fighter on June 30, 2022.
             Was a Believer of Sif Muna.
             Demolished by an ogre
             ... wielding a +0 giant club
              (20 damage)
             ... on level 5 of the Dungeon.
             The game lasted 00:03:41 (4660 turns).

dolemite99 the Poker (Demonspawn Fighter)           Turns: 4660, Time: 00:03:42

Health: -15/47     AC: 12    Str: 18    XL:     6   Next: 97%
Magic:  15/15      EV:  6    Int: 10    God:    Sif Muna [**....]
Gold:   222        SH:  4    Dex: 12    Spells: 5/5 levels left

rFire   . . .      SeeInvis .   a - +0 trident
rCold   . . .      Faith    .   c - +0 buckler
rNeg    . . .      Spirit   .   h - +0 chain mail
rPois   .          Reflect  .   n - +0 helmet
rElec   .          Harm     .   (no cloak)
rCorr   .          Rampage  .   (no gloves)
Will    .....                   (no boots)
Stlth   ..........              (no amulet)
HPRegen 0.15/turn               C - ring of magical power
MPRegen 0.14/turn               (no ring)

@: about to teleport, attractive, flying
A: thin metallic scales 1, spiny 1, weakness stinger 2
a: Renounce Religion, Channel Magic


You were on level 5 of the Dungeon.
You worshipped Sif Muna.
Sif Muna was pleased with you.
You visited 1 branch of the dungeon, and saw 5 of its levels.

You collected 222 gold pieces.

Inventory:

Hand Weapons
 a - a +0 trident (weapon)
 b - a +0 sling
 e - a +0 sling
Missiles
 r - 8 poisoned darts (quivered)
Armour
 c - a +0 buckler (worn)
 h - a +0 chain mail (worn)
 n - a +0 helmet (worn)
 A - the +1 leather armour of Gydaddo {rPois Dex+3 SInv Stlth-}
   (You found it on level 4 of the Dungeon)

   Dex:       It affects your dexterity (+3).
   rPois:     It protects you from poison.
   SInv:      It lets you see invisible.
   Stlth:     It makes you less stealthy.
 E - a +0 scale mail
Jewellery
 j - a ring of resist corrosion
 x - a +4 ring of evasion
 C - a ring of magical power (left hand)
Scrolls
 f - 3 scrolls of teleportation
 i - a scroll of poison
 k - 3 scrolls of identify {@r1}
 l - a scroll of magic mapping {unknown}
 m - a scroll of fog {unknown}
 p - a scroll of fear {unknown}
 s - 2 scrolls of enchant weapon {unknown}
 w - a scroll of blinking {unknown}
 y - a scroll of noise {unknown}
 B - a scroll of brand weapon {unknown}
Potions
 d - a potion of resistance {unknown}
 g - a potion of heal wounds {unknown}
 o - a potion of magic {unknown}
 q - a potion of flight
 t - a potion of brilliance {unknown}
 u - 2 potions of attraction
 v - a potion of invisibility {unknown}
 z - a potion of lignification {unknown}
 D - a potion of experience {unknown}


   Skills:
 - Level 3.0 Fighting
 + Level 6.9 Polearms
 - Level 2.6 Armour
 - Level 2.6 Shields


You had 5 spell levels left.
You didn't know any spells.
Your spell library contained the following spells:

 Spells                   Type           Power      Damage    Failure   Level
 Apportation              Tloc           0%         N/A       100%        1
 Poisonous Vapours        Pois/Air       0%         N/A       100%        2
 Call Canine Familiar     Summ           0%         N/A       100%        3
 Portal Projectile        Hex/Tloc       0%         N/A       100%        3
 Corpse Rot               Necr/Pois/Air  0%         N/A       100%        4
 Leda's Liquefaction      Hex/Erth       0%         N/A       100%        4
 Alistair's Intoxication  Tmut/Pois      0%         N/A       100%        5


Dungeon Overview and Level Annotations

Branches:
Dungeon (5/15)
 Temple: D:4-7

Altars:
Sif Muna
The Shining One


Innate Abilities, Weirdness & Mutations

You are partially covered in thin metallic scales. (AC +2)
You are partially covered in sharp spines.
You have a tail ending in a sharp stinger.


Message History

You are too injured to fight recklessly!
You are too injured to fight recklessly!
You are too injured to fight recklessly!
You are too injured to fight recklessly!
You are too injured to fight recklessly!
You are too injured to fight recklessly!
You are too injured to fight recklessly!
You are too injured to fight recklessly!
You are too injured to fight recklessly!
You are too injured to fight recklessly!
You are too injured to fight recklessly!
You are too injured to fight recklessly!
You are too injured to fight recklessly!
You are too injured to fight recklessly!
You are too injured to fight recklessly!
You are too injured to fight recklessly!
You are too injured to fight recklessly!
You are too injured to fight recklessly!
You are too injured to fight recklessly!
You are too injured to fight recklessly!
You are too injured to fight recklessly!
You are too injured to fight recklessly!
You are too injured to fight recklessly!
You are too injured to fight recklessly!
You are too injured to fight recklessly!
You are too injured to fight recklessly!
Unknown command.
You are too injured to fight recklessly!
It was a potion of attraction.
You feel attractive to monsters. The ogre is struck by your spines.
The ogre hits you with a +0 giant club!!
* * * LOW HITPOINT WARNING * * *
It was a potion of flight.
You feel very buoyant.
You fly up into the air.
As you read the scroll of teleportation, it crumbles to dust.
You feel strangely unstable.
The ogre hits you with a +0 giant club!!
You die...

...)......
.........
......!..
.........
#......[.
##........
#.........
#.@.......
#†O....<..
#.........
#.........
##........
#........
.(.......
((.......


You could see an ogre.

Vanquished Creatures
  Sigmund (D:2)
  A water moccasin (D:4)
  An ogre (D:4)
  An iguana (D:4)
  Robin (D:2)
  A gnoll (D:3)
  2 adders
  3 dart slugs
  8 orcs (D:4)
  3 bats
  5 endoplasms
  A giant cockroach (D:1)
  16 goblins
  2 hobgoblins
  7 jackals
  3 quokkas
  11 ball pythons
  5 frilled lizards
  5 kobolds
  2 rats (D:3)
79 creatures vanquished.

Vanquished Creatures (others)
  6 plants (D:3)
6 creatures vanquished.

Grand Total: 85 creatures vanquished

Notes
Turn   | Place    | Note
-------+----------+-------------------------------------------
     0 | D:1      | dolemite99 the Demonspawn Fighter began the quest for the
                  | Orb.
     0 | D:1      | Reached XP level 1. HP: 18/18 MP: 1/1
   116 | D:1      | Reached skill level 2 in Polearms
   763 | D:1      | Gained mutation: You have a small tail. [demonic ancestry]
   763 | D:1      | Reached XP level 2. HP: 5/24 MP: 2/2
  1703 | D:2      | Noticed Sigmund
  1709 | D:2      | Killed Sigmund
  1710 | D:2      | Reached skill level 5 in Polearms
  1710 | D:2      | Gained mutation: You have a tail ending in a sharp stinger.
                  | [demonic ancestry]
  1710 | D:2      | Reached XP level 3. HP: 22/29 MP: 3/3
  1710 | D:2      | Gained mutation: You are partially covered in sharp spines.
                  | [demonic ancestry]
  1710 | D:2      | Reached XP level 4. HP: 27/35 MP: 4/4
  1710 | D:2      | Reached XP level 5. HP: 32/41 MP: 5/5
  1757 | D:2      | Noticed Robin
  1765 | D:2      | Killed Robin
  2236 | D:3      | Found a faded altar of an unknown god.
  2247 | D:3      | Prayed at the altar of an unknown god.
  2247 | D:3      | Became a worshipper of Sif Muna the Loreminder
  2247 | D:3      | Reached * piety under Sif Muna
  3282 | D:4      | Noticed a water moccasin
  3291 | D:4      | Killed a water moccasin
  3292 | D:4      | Reached skill level 6 in Polearms
  3292 | D:4      | Gained mutation: You are partially covered in thin metallic
                  | scales. (AC +2) [demonic ancestry]
  3292 | D:4      | Reached XP level 6. HP: 40/47 MP: 6/6
  3344 | D:4      | Identified the +1 leather armour of Gydaddo {rPois Dex+3
                  | SInv Stlth-}
  3798 | D:4      | Reached ** piety under Sif Muna
  4639 | D:5      | Entered Level 5 of the Dungeon
  4660 | D:5      | Demolished by an ogre

Illustrated notes

Levels and vault maps discovered:
D:1:      scummos_arrival_gate, layout_rooms
D:2:      layout_loops_ring, uniq_robin, uniq_sigmund
D:3:      minmay_bubble_buster, layout_basic, mainiacjoe_overflow_chevrons,
          shapermc_ecumenical_altar_acropolis
D:4:      layout_cave_pools, st_stairs_9
D:5:      layout_gridville, minmay_temple_entry_waves

Skill      XL: |  1  2  3  4  5 |
---------------+----------------+-----
Polearms       | 2 5 6 |  6.9
Fighting       | |  3.0
Armour         | |  2.6
Shields        | |  2.6

Action                   |  1- 3 |  4- 6 || total
-------------------------+-------+-------++-------
Melee: Trident           |    51 |   161 ||   212
       Tailslap          |     1 |    13 ||    14
 Fire: Sling             |       |    12 ||    12
Throw: Stone             |    14 |       ||    14
       Dart              |       |    38 ||    38
  Use: Potion            |     2 |     2 ||     4
       Scroll            |     2 |     1 ||     3
Armor: Chain mail        |    33 |    54 ||    87
Dodge: Dodged            |    18 |    34 ||    52
Block: Buckler           |    10 |    22 ||    32

Table legend: (Time is in decaauts)
 A = Elapsed time spent in this place.
 B = Non-inter-level travel time spent in this place.
 C = Inter-level travel time spent in this place.
 D = Time resting spent in this place.
 E = Time spent auto-exploring this place.
 F = Levels seen in this place.
 G = Mean time per level.
                   A        B        C        D        E       F      G
               +--------+--------+--------+--------+--------+-----+--------+
         Total |   4690 |   4527 |    163 |   1586 |   2219 |   5 |  938.0 |
       Dungeon |   4690 |   4527 |    163 |   1586 |   2219 |   5 |  938.0 |
               +--------+--------+--------+--------+--------+-----+--------+

Top non-repeatable levels by time:
     D:1: 1442 daAuts
     D:4: 1365 daAuts
     D:3: 1109 daAuts
     D:2: 751 daAuts
     D:5: 21 daAuts
